 Dungeon Crawl Stone Soup version 0.31-a0-865-g3d5d91748a (webtiles) character file.

Game seed: 1891611604581468496

1 Dordric the Stinger (level 1, -2/15 HPs)
             Began as a Djinni Venom Mage on Oct 10, 2023.
             Slain by a goblin
             ... wielding a +0 club
              (4 damage)
             ... on level 1 of the Dungeon.
             The game lasted 00:00:08 (26 turns).

Dordric the Stinger (Djinni Venom Mage)               Turns: 26, Time: 00:00:08

Health: -2/15      AC:  2    Str:  7    XL:     1   Next: 22%
Gold:   0          EV: 12    Int: 16    God:
                   SH:  0    Dex: 13

rFire   + + .        (no weapon)
rCold   x . .        (no shield)
rNeg    . . .        a - +0 robe
rPois   ∞            (no helmet)
rElec   .            (no cloak)
rCorr   .            (no gloves)
SInv    .            (boots unavailable)
Will    .....        (no amulet)
Stlth   ++           (no ring)
HPRegen 0.22/turn    (no ring)
MPRegen 0.00/turn

%: infuse magic (-3 HP)
@: flying
A: sickness immunity, fire resistance 2, cold vulnerability 1, float, innate
caster, HP casting, extra vitality 1
a: no special abilities


You were on level 1 of the Dungeon.
You visited 1 branch of the dungeon, and saw 1 of its levels.

Inventory:

Armour
 a - a +0 robe (worn)


   Skills:
 - Level 2.1 Dodging
 - Level 1.5 Stealth
 + Level 3.0 Spellcasting
 + Level 3.0 Conjurations
 + Level 3.0 Hexes
 + Level 3.0 Summonings
 + Level 3.0 Necromancy
 + Level 3.0 Translocations
 + Level 3.0 Transmutations
 + Level 3.0 Fire Magic
 + Level 3.0 Ice Magic
 + Level 3.0 Air Magic
 + Level 3.0 Earth Magic
 + Level 3.0 Poison Magic


You knew the following spells:

 Your Spells              Type           Power      Damage    Failure   Level
a - Sting                 Tmut/Pois      48%        1d5       5%          1
b - Poisonous Vapours     Pois/Air       24%        N/A       9%          2
c - Mephitic Cloud        Conj/Pois/Air  12%        N/A       16%         3
d - Olgreb's Toxic Radia  Pois           12%        N/A       47%         4
Your spell library was empty.

Dungeon Overview and Level Annotations

Branches:
Dungeon (1/15)

Altars:


Innate Abilities, Weirdness & Mutations

You are immune to sickness and miasma.
You are immune to poison.
Your flesh is very heat resistant. (rF++)
You are vulnerable to cold. (rC-)
You float through the air rather than walking.
You learn spells naturally, not from books.
Your magical power is your life essence.
You have superior vitality. (+4 MHP)


Message History

The sting misses the hobgoblin.
The hobgoblin barely misses you.
The sting hits the hobgoblin.
The hobgoblin is poisoned.
The hobgoblin is severely wounded.
The hobgoblin hits you.
The sting hits the hobgoblin but does no damage.
The hobgoblin looks even sicker.
The hobgoblin is severely wounded.
The hobgoblin closely misses you.
The sting hits the hobgoblin.
The hobgoblin looks even sicker.
You kill the hobgoblin!
The endoplasm hits you but does no damage.
The sting hits the endoplasm.
The endoplasm partially resists.
The endoplasm is poisoned.
The endoplasm is lightly wounded.
The goblin hits you with a +0 club. The endoplasm hits you.
* * * LOW HITPOINT WARNING * * *
You are too injured to fight recklessly!
The goblin hits you but does no damage.
The endoplasm attacks as it pursues you!
The endoplasm completely misses you.
You are too injured to fight recklessly!
You are too injured to fight recklessly!
You are too injured to fight recklessly!
You barely miss the goblin.
The endoplasm jiggles.
The goblin hits you with a +0 club.
* * * LOW HITPOINT WARNING * * *
You completely miss the goblin.
The endoplasm looks more healthy.
The goblin hits you but does no damage.
You barely miss the goblin. You punch the goblin, but do no damage.
The goblin misses you.
You closely miss the goblin. The goblin hits you with a +0 club.
* * * LOW HITPOINT WARNING * * *
You hit the goblin.
The goblin is heavily wounded.
The goblin completely misses you.
You hit the goblin.
The goblin is almost dead.
The goblin hits you with a +0 club.
You die...

#....# ... #..
#.<.###.. .g.
#...># ..####.#
##..### ..#...#
..##....###...#
..............#
############.##
#####.#####
#.....Jg@.+
#....######
#.... #....
#.... #....
+.... #..?.


You could see an endoplasm and a goblin.

Vanquished Creatures
  A hobgoblin (D:1)
1 creature vanquished.

Notes
Turn   | Place    | Note
-------+----------+-------------------------------------------
     0 | D:1      | Dordric the Djinni Venom Mage began the quest for the Orb.
     0 | D:1      | Dordric set off with the following spells memorised: Sting,
                  | Poisonous Vapours, Mephitic Cloud, Olgreb's Toxic Radiance.
     0 | D:1      | Reached XP level 1. HP: 15/15 MP: 0/0
    26 | D:1      | Slain by a goblin

Illustrated notes

Levels and vault maps discovered:
D:1:      dpeg_arrival_long_road, layout_basic,
          shapermc_ecumenical_altar_mp_highgroup

Skill      XL: | |
---------------+-+-----
Spellcasting   | |  3.0
Conjurations   | |  3.0
Hexes          | |  3.0
Summonings     | |  3.0
Necromancy     | |  3.0
Translocations | |  3.0
Transmutations | |  3.0
Fire Magic     | |  3.0
Ice Magic      | |  3.0
Air Magic      | |  3.0
Earth Magic    | |  3.0
Poison Magic   | |  3.0
Dodging        | |  2.1
Stealth        | |  1.5

Action                     || total
---------------------------++-------
  Melee: Unarmed           ||     6
         Punch             ||     1
   Cast: Sting             ||     6
 Armour: Robe              ||     9
  Dodge: Dodged            ||     5

Table legend: (Time is in decaauts)
 A = Elapsed time spent in this place.
 B = Non-inter-level travel time spent in this place.
 C = Inter-level travel time spent in this place.
 D = Time resting spent in this place.
 E = Time spent auto-exploring this place.
 F = Levels seen in this place.
 G = Mean time per level.
                   A        B        C        D        E       F      G
               +--------+--------+--------+--------+--------+-----+--------+
         Total |     26 |     26 |      0 |      0 |      8 |   1 |   26.0 |
       Dungeon |     26 |     26 |      0 |      0 |      8 |   1 |   26.0 |
               +--------+--------+--------+--------+--------+-----+--------+

Top non-repeatable levels by time:
     D:1: 26 daAuts
